 Dungeon Crawl Stone Soup version 0.23-a0-837-ga3e6480 (webtiles) character file.

1097 poirepourri the Cleaver (level 8, -3/64 HPs)
             Began as a Minotaur Fighter on Jan 24, 2019.
             Slain by an orc warrior
             ... wielding a +0 trident
              (19 damage)
             ... on level 6 of the Dungeon.
             The game lasted 00:03:08 (4277 turns).

poirepourri the Cleaver (Minotaur Fighter)          Turns: 4277, Time: 00:03:09

Health: -3/64      AC:  6    Str: 20    XL:     8   Next: 10%
Magic:  7/7        EV:  7    Int:  5    God:
Gold:   199        SH:  9    Dex: 13    Spells: 7/7 levels left

rFire    + . .     SeeInvis .   a - +0 war axe
rCold    + . .     Gourm    .   c - +0 shield
rNeg     + . .     Faith    .   b - +0 scale mail
rPois    .         Spirit   .   (helmet restricted)
rElec    .         Reflect  .   e - scarf {rC+ rF+}
rCorr    .         Harm     .   (no gloves)
MR       .....                  (no boots)
Stlth    ..........             (no amulet)
HPRegen  0.20/turn              g - ring of positive energy
MPRegen  0.10/turn              (no ring)

@: no status effects
A: retaliatory headbutt, horns 2
a: no special abilities


You were on level 6 of the Dungeon.
You were not hungry.

You visited 1 branch of the dungeon, and saw 5 of its levels.

You collected 199 gold pieces.

Inventory:

Hand Weapons
 a - a +0 war axe (weapon)
Missiles
 l - 17 bolts
Armour
 b - a +0 scale mail (worn)
 c - a +0 shield (worn)
 e - a scarf of resistance (worn)
Jewellery
 g - a ring of positive energy (left hand)
Scrolls
 d - a scroll of teleportation
 h - 2 scrolls of enchant weapon {unknown}
 j - a scroll of fog
 m - a scroll of identify
 n - 3 scrolls of remove curse
 o - a scroll of magic mapping {unknown}
 p - a scroll of amnesia
 q - a scroll of noise {unknown}
Potions
 i - a potion of curing
 k - a potion of haste
Comestibles
 f - 4 rations


   Skills:
 - Level 3.6 Fighting
 + Level 11.4 Axes
 - Level 3.6 Armour
 - Level 3.6 Shields


You had 7 spell levels left.
You didn't know any spells.
Your spell library was empty.

Dungeon Overview and Level Annotations

Branches:
Dungeon (4/15)
 Temple: D:4-7

Altars:
Nemelex Xobeh
Xom


Innate Abilities, Weirdness & Mutations

You reflexively headbutt those who attack you in melee.
You have a pair of horns on your head.


Message History

You are too injured to fight recklessly!
You are too injured to fight recklessly!
You are too injured to fight recklessly!
You are too injured to fight recklessly!
You are too injured to fight recklessly!
You are too injured to fight recklessly!
You are too injured to fight recklessly!
You are too injured to fight recklessly!
You are too injured to fight recklessly!
You are too injured to fight recklessly!
You are too injured to fight recklessly!
You are too injured to fight recklessly!
You are too injured to fight recklessly!
Unknown command.
You feel better.
The orc warrior hits you with a +0 trident!!
* * * LOW HITPOINT WARNING * * *
You feel better.
The orc warrior hits you with a +0 trident!!
You die...

..>......# #.#
#.....#...#######
......##.####.#
#.#######...(....
......##.#....# #........
......##...#### #........
..........## #........
......###.# ###........
......# #.. ###..........
......#
###..########...#........
......#
#..oo@.....###........
....>.# #...########
#........ ......# .....
######### ####### ....
... .. .


You could see an orc warrior and an orc.

Vanquished Creatures
  A water moccasin (D:6)
  An orc warrior (D:6)
  A phantom (D:3)
  A centaur (D:3)
  2 bullfrogs
  2 scorpions
  A hound (D:6)
  An orc priest (D:6)
  A centaur skeleton (D:2)
  3 worker ants
  2 orc wizards
  4 gnolls (D:3)
  13 adders
  2 oozes
  An adder skeleton (D:6)
  A dart slug (D:2)
  8 leopard geckos
  17 orcs
  9 bats
  2 giant cockroaches
  4 goblins
  14 hobgoblins
  5 jackals
  3 quokkas
  3 ball pythons
  6 frilled lizards
  6 kobolds
  6 rats
120 creatures vanquished.

Notes
Turn   | Place    | Note
-------+----------+-------------------------------------------
     0 | D:1      | poirepourri the Minotaur Fighter began the quest for the
                  | Orb.
     0 | D:1      | Reached XP level 1. HP: 19/19 MP: 0/0
    49 | D:1      | Reached skill level 3 in Axes
   262 | D:1      | Reached XP level 2. HP: 17/26 MP: 1/1
   689 | D:2      | Reached skill level 4 in Axes
   746 | D:2      | Reached XP level 3. HP: 25/31 MP: 2/2
   932 | D:2      | Reached skill level 5 in Axes
   932 | D:2      | Reached XP level 4. HP: 26/39 MP: 3/3
  1160 | D:2      | Reached skill level 6 in Axes
  1205 | D:2      | Reached XP level 5. HP: 35/45 MP: 4/4
  1705 | D:3      | Noticed a phantom
  1716 | D:3      | Reached skill level 7 in Axes
  1729 | D:3      | Reached XP level 6. HP: 26/51 MP: 5/5
  1735 | D:3      | Reached skill level 8 in Axes
  1874 | D:3      | Found a shimmering altar of Xom.
  2042 | D:3      | Reached skill level 9 in Axes
  2042 | D:3      | Reached XP level 7. HP: 26/57 MP: 6/6
  2272 | D:3      | Found a sparkling altar of Nemelex Xobeh.
  3056 | D:4      | You fall through a shaft for 2 floors!
  3072 | D:6      | Reached skill level 10 in Axes
  3439 | D:6      | Reached skill level 11 in Axes
  4123 | D:6      | Reached XP level 8. HP: 45/64 MP: 7/7
  4277 | D:6      | Slain by an orc warrior

Vault maps used:
D:1:      wander_arrival_peaceful_grave, wad_floor_pattern_untrapped,
          amethyst_killhole
D:2:      first_ration, minmay_fractal_squares_gapless_5
D:3:      nicolae_overflow_crystal_walls, nemelex_spade_bored_becter
D:4:      marbit_many_paths, serial_column_ruins, column_ruins_hut,
          column_ruins_grid_1, column_ruins_columns_straight,
          column_ruins_open_tiny, column_ruins_open_small_water,
          column_ruins_open_small, column_ruins_grid_3, column_ruins_open_small,
          minmay_bisected
D:6:      gammafunk_temple_overflow_elements, gammafunk_ghost_nasty_kobolds

Skill      XL: |  1  2  3  4  5  6  7 |
---------------+----------------------+-----
Axes           | 3 4 5 6 7 9 11 | 11.4
Fighting       | |  3.6
Armour         | |  3.6
Shields        | |  3.6

Action                   |  1- 3 |  4- 6 |  7- 9 || total
-------------------------+-------+-------+-------++-------
Melee: War axe           |    68 |   129 |   112 ||   309
       Headbutt          |     9 |    14 |    14 ||    37
  Use: Scroll            |       |     6 |     1 ||     7
       Potion            |       |     4 |     3 ||     7
  Eat: Ration            |       |     1 |     3 ||     4
Armor: Scale mail        |    29 |    42 |    25 ||    96
Dodge: Dodged            |    29 |    36 |    31 ||    96
Block: Shield            |    46 |    79 |    50 ||   175

Table legend:
 A = Non-vault XP
 B = Vault XP
 C = Vault XP percentage of total XP
 D = Non-vault monster count
 E = Vault monster count
 F = Vault count percentage of total count
                 A         B        C        D         E       F
            +---------+---------+-------+---------+---------+-------
      Total |    1488 |      80 |   5.1 |     113 |       7 |   5.8
            +---------+---------+-------+---------+---------+-------
        D:1 |      16 |       0 |   0.0 |      11 |       0 |   0.0
        D:2 |     223 |      13 |   5.5 |      33 |       6 |  15.4
        D:3 |     516 |       0 |   0.0 |      45 |       0 |   0.0
        D:4 |     110 |      67 |  37.9 |      10 |       1 |   9.1
        D:6 |     623 |       0 |   0.0 |      14 |       0 |   0.0
            +---------+---------+-------+---------+---------+-------
